 Dungeon Crawl Stone Soup version 0.24.0-123-gd5b16e6ec5 (webtiles) character file.

Game seed: 13203910490291078941, levelgen mode: deterministic

126 vurker the Ruffian (level 4, 0/36 HPs)
             Began as a Draconian Transmuter on Dec 19, 2019.
             Slain by Grinder (5 damage)
             ... while paralysed by Grinder
             ... on level 4 of the Dungeon.
             The game lasted 00:04:16 (2227 turns).

vurker the Ruffian (Draconian Transmuter)           Turns: 2227, Time: 00:04:17

Health: 0/36       AC:  6    Str: 13    XL:     4   Next: 83%
Magic:  6/7        EV:  2    Int: 13    God:
Gold:   201        SH:  0    Dex: 12    Spells: 7/8 levels left

rFire    . . .     SeeInvis .     - Unarmed
rCold    . . .     Gourm    .   (no shield)
rNeg     . . .     Faith    .   (armour unavailable)
rPois    .         Spirit   .   (helmet restricted)
rElec    .         Reflect  .   (no cloak)
rCorr    .         Harm     .   o - +0 pair of gloves
MR       .....                  (no boots)
Stlth    +.........             (no amulet)
HPRegen  0.12/turn              (no ring)
MPRegen  0.10/turn              (no ring)

@: paralysed, appendage
A: unfitting armour, horns 2, cold-blooded, AC +5
a: End Transformation


You were on level 4 of the Dungeon.
You were not hungry.
You had grown temporary horns.
You visited 1 branch of the dungeon, and saw 4 of its levels.

You collected 201 gold pieces.

Inventory:

Missiles
 a - 12 arrows
Armour
 o - a +0 pair of gloves (worn)
   (You found it on level 1 of the Dungeon)
Wands
 d - a wand of iceblast (7)
   (You found it on level 4 of the Dungeon)
Scrolls
 c - a scroll of identify {unknown}
 f - 2 scrolls of fear {unknown}
 h - a scroll of teleportation {unknown}
 i - a scroll of magic mapping {unknown}
 j - a scroll of amnesia {unknown}
 p - a scroll of enchant weapon {unknown}
Potions
 b - a potion of lignification {unknown}
 g - a potion of agility {unknown}
 k - a potion of curing
 l - a potion of flight {unknown}
 m - a potion of resistance {unknown}
Comestibles
 e - 9 rations
 n - 4 chunks of flesh


   Skills:
 + Level 2.2 Fighting
 - Level 1.7 Dodging
 * Level 4.0 Unarmed Combat
 + Level 2.5 Spellcasting
 * Level 3.3 Transmutations


You had 7 spell levels left.
You knew the following spells:

 Your Spells              Type           Power        Failure   Level  Hunger
q - Beastly Appendage     Tmut           ##....       6%          1    #......

Your spell library contained the following spells:

 Spells                   Type           Power        Failure   Level  Hunger
 Sticks to Snakes         Tmut           ##......     10%         2    ###....
 Spider Form              Tmut/Pois      #.........   36%         3    ###....
 Ice Form                 Ice/Tmut       #.......     77%         4    #####..
 Blade Hands              Tmut           ##........   86%         5    ######.


Dungeon Overview and Level Annotations

Branches:
Dungeon (4/15)
 Temple: D:4-7

Altars:
Cheibriados
Elyvilon
Gozag
Uskayaw

Annotations:
D:4 Grinder


Innate Abilities, Weirdness & Mutations

Your plain brown scales are hard. (AC +5)
You cannot fit into any form of body armour.
You are cold-blooded and may be slowed by cold attacks.
You have a pair of horns on your head.


Message History

Some of the chunks of flesh in your inventory have rotted away.
No target in view!
Grinder comes into view.
Grinder says, "Mostly I couldn't keep them alive."
You grow a pair of large bovine horns.
Grinder gestures at you. Pain shoots through your body!
Found a silver ring.
Found 14 stones.
You barely miss Grinder. You headbutt Grinder. Grinder completely misses you.
You hit Grinder. Your headbutt misses Grinder. You tail-slap Grinder.
Grinder blinks!
Your transformation is almost over.
Grinder gestures at you.
You suddenly lose the ability to move!
Grinder hits you but does no damage.
You can move again.
You hit Grinder. Your headbutt misses Grinder. Grinder gestures at you.
Pain shoots through your body!
You barely miss Grinder. Grinder closely misses you.
You hit Grinder. Your headbutt misses Grinder. You tail-slap Grinder.
Grinder blinks!
Grinder blinks!
Grinder blinks!
Your horns disappear.
You barely miss Grinder. Grinder misses you.
You hit Grinder but do no damage. You tail-slap Grinder.
You hit Grinder but do no damage.
Your tail-slap misses Grinder.
Grinder hits you but does no damage.
You hit Grinder. You tail-slap Grinder. Grinder hits you.
* * * LOW HITPOINT WARNING * * *
You writhe in agony.
* * * LOW HITPOINT WARNING * * *
You grow a pair of large bovine horns.
Grinder gestures at you.
You barely resist. You hit Grinder. Your headbutt misses Grinder.
Grinder hits you.
* * * LOW HITPOINT WARNING * * *
You hit Grinder. You tail-slap Grinder. Grinder barely misses you.
You hit Grinder. Your headbutt misses Grinder. Grinder gestures at you.
You suddenly lose the ability to move!
Grinder hits you but does no damage. Grinder hits you.
* * * LOW HITPOINT WARNING * * *
You writhe in agony.
* * * LOW HITPOINT WARNING * * *
Grinder hits you.
You die...

#...... ############.
###.... ............#
##.... ..........=.#
#..... ............#
#..... ............#
#..... ............#
#.....
............##########..
.....(.@.............#..
......5..............#..
.....................#..
.....................#..
.....................#..
.....................+..
................[....###
......#+#########.......
...... #.......


You could see Grinder.

Vanquished Creatures
  Terence (D:3)
  2 worker ants (D:4)
  A hound skeleton (D:4)
  An adder (D:2)
  A dart slug (D:1)
  2 leopard geckos (D:1)
  An orc (D:3)
  5 bats
  2 giant cockroaches (D:3)
  5 goblins
  A hobgoblin (D:2)
  3 kobolds
  2 ball pythons
  3 frilled lizards
  2 rats
32 creatures vanquished.

Notes
Turn   | Place    | Note
-------+----------+-------------------------------------------
     0 | D:1      | vurker the Draconian Transmuter began the quest for the
                  | Orb.
     0 | D:1      | Reached XP level 1. HP: 16/16 MP: 3/3
     3 | D:1      | Noticed an electric eel
     3 | D:1      | Noticed an electric eel
   206 | D:1      | Reached XP level 2. HP: 23/23 MP: 5/5
   776 | D:2      | Found a white marble altar of Elyvilon.
   876 | D:2      | Reached XP level 3. HP: 28/28 MP: 6/6
  1120 | D:3      | Noticed Terence
  1151 | D:3      | HP: 1/28 [Terence/+0 flail (1)]
  1152 | D:3      | Killed Terence
  1465 | D:3      | Found a hide-covered altar of Uskayaw.
  1465 | D:3      | Found a faded altar of an unknown god.
  1470 | D:3      | Found an opulent altar of Gozag.
  1472 | D:3      | Found a faded altar of an unknown god.
  1474 | D:3      | Found a snail-covered altar of Cheibriados.
  1973 | D:4      | Reached XP level 4. HP: 25/36 MP: 7/7
  2098 | D:4      | Reached skill level 4 in Unarmed Combat
  2199 | D:4      | Noticed Grinder
  2207 | D:4      | Paralysed by Grinder for 2 turns
  2224 | D:4      | Paralysed by Grinder for 7 turns
  2227 | D:4      | Slain by Grinder

Levels and vault maps discovered:
D:1:      arrival_aquarium_b, layout_basic, solitary_fountain,
          chequers_serial_rivers_micro_d
D:2:      layout_loops_ring, old_standard_altar
D:3:      layout_basic, chequers_temple_overflow_minitemple, uniq_terence
D:4:      layout_gridville, first_ration, minmay_misc_feat_square,
          uniq_crazy_yiuf_cottage, uniq_ijyb, uniq_grinder

Skill      XL: |  1  2  3  4 |
---------------+-------------+-----
Fighting       | 2 |  2.2
Transmutations | 3 |  3.3
Unarmed Combat | 4 |  4.0
Dodging        | |  1.7
Spellcasting   | |  2.5

Action                   |  1- 3 |  4- 6 || total
-------------------------+-------+-------++-------
Melee: Unarmed           |   141 |    35 ||   176
       Tailslap          |    12 |    10 ||    22
       Kick              |     4 |       ||     4
       Headbutt          |     4 |     1 ||     5
       Punch             |     2 |     1 ||     3
Throw: Throwing net      |     1 |       ||     1
 Cast: Beastly Appendage |     3 |     2 ||     5
  Eat: Chunk             |     3 |     1 ||     4
Armor: Skin              |    43 |     8 ||    51
Dodge: Dodged            |    88 |    20 ||   108
